Yev-Ruu, chaotic female vampiric Wizard --- --- ---.--- ---.-- |.....-- ----|....-- --- |......| ---- |..--.....--- --.-- - - ---....-- |..| |...........-- |...| - --.. ----....-------- --.-- --............| |..-- |......d..@@d............| |...-- --.............| |..| -- ----.dd-----...----.--- |....-- |.............-- |..| ---.|. --.-.----...|----- --..%.---.............-- |..| |...........|..-.|...%-- ---...................| ---..-- -.|.........|>%..%..%%<--- ---.%..............-- |.....| .|........))(.)([.---...----|.%.........--...|---.....| .|--.---.0..........|....(|.|.?.........--...--...|..-- ----------......................)........%........--|.-- -.....................................%^)...........).%...| |.| ------ -----------.----...............----.........---..-- |.---- -- -----...........| |........-- ---- |....-- -------.....| ---..--..| --....| --...-- -------- |....| ----- ---.-- --- Yev-Ruu the Thaumaturge Experience level: 8 Strength: 9 Dexterity: 18 Constitution: 14 Intelligence: 18 Wisdom: 10 Charisma: 10 Health: 0(52) Energy: 103(103) AC: 6 Gold: 355 Moves: 2833 Your Inventory: Coins $ - 355 gold pieces Armor b - an uncursed +0 cloak of magic resistance (being worn) w - a cursed -1 pair of hard shoes [iron] (being worn) x - an [uncursed] +0 hard hat [dwarvish iron helm] (being worn) z - an [uncursed +0] pair of hard shoes [iron] A - an [uncursed +0] pair of hard shoes [iron] B - a [cursed -6] pair of hard shoes [iron] C - a [blessed +2] pair of hard shoes [iron] D - a [cursed -1] pair of hard shoes [iron] Potions f - an uncursed potion of booze o - a [cursed] golden potion [of sleeping] p - an [uncursed] slimy potion [of paralysis] r - a [cursed] ochre potion [of extra healing] y - an [uncursed] squishy potion [of hallucination] F - a [cursed] slimy potion [of paralysis] G - an [uncursed] magenta potion [of sickness] H - an [uncursed] emerald potion [of full healing] J - an [uncursed] silver potion [of object detection] Rings d - an uncursed ring of invisibility e - an uncursed ring of slow digestion (on right hand) Wands c - an uncursed wand of light (0:13) q - an [uncursed] wand of light [0:14] s - an [uncursed] oak wand [of create monster (0:13)] Tools n - an uncursed magic marker (0:48) u - an [uncursed] key [skeleton key] I - a [cursed magic] lamp (lit) Gems t - 2 [uncursed] violet gems [worthless glass] Spells known in the end: Name Level Category Fail Memory a - force bolt 1 attack 4% [|||||||.] b - charm monster 3 enchantment 17% [|||||||.] Your skills at the end: Fighting Skills Weapon Skills quarterstaff [Basic / Expert] Spellcasting Skills attack spells [Basic / Expert] enchantment spells [Basic / Skilled] Final Attributes: You were piously aligned. Hunger level was 1067. Your alignment was 24 / 24. Monster difficulty range was 0 - 6. Level difficulty was 5. You were immune to level-drain. You were magic-protected. You could fly. You could survive without air. You had slower digestion. You regenerated. Your luck was zero. Anhur was angry with you (1). You are dead. Vanquished creatures: 2 wolves a dwarf lord a violet fungus 4 gnome lords a golden naga hatchling 2 guardian naga hatchlings 2 paper golems a giant ant 2 floating eyes 9 dwarves a homunculus a kobold lord 4 rothes a wererat 2 killer bees a gas spore 3 hobbits a hobgoblin 2 giant rats a yellow mold 35 gnomes 5 garter snakes a gecko 3 jackals a fox a goblin 2 sewer rats 3 grid bugs 2 lichens 3 kobold zombies 6 newts 104 creatures vanquished. Voluntary challenges: You were an atheist. You went without food. You were illiterate. You never hit with a wielded weapon. You put on armor 3 times. You never genocided any monsters. You never polymorphed an object. You never changed form. You used no wishes. You abstained from Elbereth's help. You never encountered a bones level. You never used any Sokoban shortcuts. Dungeon overview: The Dungeons of Doom: levels 1 to 3 Level 1 an altar to Anhur, some fountains, a sink a long staircase Level 2 a fountain stairs to The Gnomish Mines Level 3 a general store The Gnomish Mines: levels 3 to 5 Level 3 stairs to The Dungeons of Doom Level 5 <- You were here History has recorded: On T:1 you entered the Dungeons of Doom to retrieve the Amulet of Yendor! On T:389 you advanced to experience level 2. On T:419 you reached level 2 of The Dungeons of Doom. On T:515 you advanced to experience level 3. On T:755 you reached level 3 of The Dungeons of Doom. On T:983 you advanced to experience level 4. On T:1237 you reached level 1 of The Gnomish Mines. On T:1248 you advanced to experience level 5. On T:1382 you advanced to experience level 6. On T:1954 you reached level 2 of The Gnomish Mines. On T:2005 you advanced to experience level 7. On T:2526 you reached level 3 of The Gnomish Mines. On T:2632 you advanced to experience level 8. Latest messages: The wolf suddenly seems weaker! The wolf dies! [HP+1=37] You see here a wolf corpse. [HP+1=38] [HP+1=39] You hit the werewolf. You bite the werewolf. The werewolf summons help! The werewolf hits! [HP-5=34] You hit the werewolf. You bite the werewolf. The winter wolf bites! The wolf bites! (2x) The werewolf hits! [HP-26=8] You hit the werewolf. You bite the werewolf. The winter wolf bites! The wolf bites! (2x) You die... Final status: Goodbye Yev-Ruu the Wizard... You died in The Gnomish Mines on dungeon level 5 with 3272 points, and 355 pieces of gold, after 2833 moves. You were level 8 with a maximum of 52 hit points when you died.